 Dungeon Crawl Stone Soup version 0.26.1-11-gd32895ea62 (webtiles) character file.

Game seed: 8388905450028653129

45 Descartes the Bolt Thrower (level 3, 0/20 HPs)
             Began as a Deep Elf Wanderer on June 14, 2021.
             Succumbed to an adder's poison
             ... on level 2 of the Dungeon.
             The game lasted 00:02:52 (1130 turns).

Descartes the Bolt Thrower (Deep Elf Wanderer)      Turns: 1130, Time: 00:02:53

Health: 0/20       AC:  5    Str:  8    XL:     3   Next: 42%
Magic:  0/5        EV:  9    Int: 17    God:
Gold:   38         SH:  0    Dex: 15    Spells: 1/2 levels left

rFire    . . .     SeeInvis .   a - +2 hand crossbow
rCold    . . .     Faith    .   (no shield)
rNeg     . . .     Spirit   .   c - +0 ring mail
rPois    .         Reflect  .   (no helmet)
rElec    .         Harm     .   (no cloak)
rCorr    .         Rampage  .   (no gloves)
Will     +....                  (no boots)
Stlth    +.........             (no amulet)
HPRegen  0.06/turn              h - ring of willpower
MPRegen  0.09/turn              (no ring)

@: lethally poisoned (0 -> -10), very slightly contaminated
A: no striking features
a: no special abilities


You were on level 2 of the Dungeon.
You visited 1 branch of the dungeon, and saw 2 of its levels.

You collected 38 gold pieces.

Inventory:

Hand Weapons
 a - a +2 hand crossbow (weapon)
Missiles
 g - 80 stones
Armour
 c - a +0 ring mail (worn)
 e - a +0 robe
Jewellery
 h - a ring of willpower (left hand)
 j - an uncursed ring of resist corrosion {unknown}
 l - an uncursed ring of stealth {unknown}
Wands
 d - a wand of random effects (15)
Scrolls
 f - a scroll of amnesia {unknown}
 i - 2 scrolls of identify {unknown}
 m - a scroll of random uselessness {unknown}
 n - a scroll of fog {unknown}
Potions
 k - a potion of degeneration {unknown}
 o - a potion of resistance {unknown}


   Skills:
 - Level 1.0 Fighting
 + Level 3.2 Crossbows
 - Level 1.0 Armour
 - Level 1.2 Stealth
 - Level 2.6 Hexes
 + Level 2.7 Earth Magic
 - Level 1.1 Poison Magic
 - Level 1.1 Evocations


You had one spell level left.
You knew the following spells:

 Your Spells              Type           Power        Failure   Level
a - Sandblast             Erth           18%          24%         1

Your spell library contained the following spells:

 Spells                   Type           Power        Failure   Level
 Stone Arrow              Conj/Erth      8%           77%         3


Dungeon Overview and Level Annotations

Branches:
Dungeon (2/15)

Altars:


Message History

Casting: Sandblast (safe; 24% risk of failure)
Confirm with . or Enter, or press ? or * to list all spells.
Aiming: Sandblast (safe; 24% risk of failure)
Press: ? - help, Shift-Dir - straight line, f/p - adder
Aim: an adder (severely wounded, 37% to evade)
You miscast Sandblast.
You are very lightly contaminated with residual magic.
Nothing appears to happen.
The adder closely misses you. The adder bites you but does no damage.
The adder bites you.
* * * LOW HITPOINT WARNING * * *
You are lethally poisoned!
The adder poisons you!
* * * LOW HITPOINT WARNING * * *
You feel sick. The adder bites you.
* * * LOW HITPOINT WARNING * * *
You are more poisoned.
The adder poisons you!
You die...

#.# #.## #..#
##.## #..#
##.## #..#
##S###+#####
#.@#.......
##†#.......
#######.#......
...........#
########...#
#..........#
#.#######..#
#.# .># #.# ###


You could see an adder.

Vanquished Creatures
  2 adders (D:2)
  An ooze (D:2)
  3 hobgoblins
  3 kobolds
  5 bats
  5 goblins
  3 rats
22 creatures vanquished.

Notes
Turn   | Place    | Note
-------+----------+-------------------------------------------
     0 | D:1      | Descartes the Deep Elf Wanderer began the quest for the
                  | Orb.
     0 | D:1      | Descartes set off with the following items: a +2 hand
                  | crossbow, 24 bolts, a wand of random effects (15), a +0
                  | robe; and the following spell memorised: Sandblast; and the
                  | following spells available to memorise: Stone Arrow
     0 | D:1      | Reached XP level 1. HP: 12/12 MP: 3/3
   328 | D:1      | Reached skill level 1 in Earth Magic
   498 | D:1      | Reached XP level 2. HP: 16/16 MP: 4/4
   969 | D:2      | Reached skill level 3 in Crossbows
   988 | D:2      | Reached XP level 3. HP: 14/20 MP: 5/5
  1129 | D:2      | HP: 1/20 [adder (1)]
  1130 | D:2      | Succumbed to an adder's poison

Illustrated notes

Levels and vault maps discovered:
D:1:      wander_arrival_fairy_ring, layout_basic, minmay_misc_feat_pillars,
          serial_bayou_pond_e
D:2:      lemuel_upstairs_altar, layout_basic, lemuel_crystal_altar,
          minmay_circle_x, uniq_jessica

Skill      XL: |  1  2 |
---------------+-------+-----
Earth Magic    | 1 2 |  2.7
Crossbows      | 3 |  3.2
Fighting       | |  1.0
Armour         | |  1.0
Stealth        | |  1.2
Hexes          | |  2.6
Poison Magic   | |  1.1
Evocations     | |  1.1

Action                   || total
-------------------------++-------
 Fire: Hand crossbow     ||    54
 Cast: Sandblast         ||     6
Armor: Ring mail         ||    23
Dodge: Dodged            ||    11
